 Dungeon Sprint DCSS version 0.28.0-53-g5a82cb258f (webtiles) character file.

Game seed: 6147045854661184454

24 Zeld the Changer (level 3, -4/25 HPs)
             Began as an Octopode Transmuter on June 6, 2022.
             Was a Believer of Sif Muna.
             Slain by a warg (18 damage)
             ... in the Dungeon (Sprint VII: "The Pits").
             The game lasted 00:00:50 (687 turns).

Zeld the Changer (Octopode Transmuter)               Turns: 687, Time: 00:00:50

Health: -4/25      AC:  1    Str: 11    XL:     3   Next: 2%
Magic:  8/8        EV: 13    Int: 15    God:    Sif Muna [**....]
Gold:   0          SH:  0    Dex: 12    Spells: 6/9 levels left

rFire   . . .      SeeInvis .     - Unarmed
rCold   . . .      Faith    .   (no shield)
rNeg    . . .      Spirit   .   (helmet currently unavailable)
rPois   .          Reflect  .   (no amulet)
rElec   .          Harm     .   (no ring)
rCorr   .          Rampage  .   (no ring)
Will    .....      NoTele   +   (no ring)
Stlth   ++........              (no ring)
HPRegen 0.08/turn               (no ring)
MPRegen 0.11/turn               (no ring)
                                (no ring)
                                (no ring)

@: appendages (expiring)
A: tentacle spike 3, almost no armour, amphibious, 8 rings, camouflage 1,
gelatinous body 1, (nimble swimmer 1), tentacles
a: End Transformation, Renounce Religion, Channel Magic


You were in the Dungeon.
You worshipped Sif Muna.
Sif Muna was pleased with you.
One of your tentacles had grown a beastly spike.
You visited 1 branch

Inventory:

Scrolls
 f - a scroll of blinking
 h - 5 scrolls of amnesia
 i - a scroll of summoning
Potions
 a - a potion of curing
 c - a potion of haste
 d - 4 potions of magic
 e - 3 potions of berserk rage
 g - 2 potions of invisibility


   Skills:
 + Level 2.4 Fighting
 - Level 2.0 Dodging
 - Level 3.0 Unarmed Combat
 * Level 3.5 Spellcasting
 * Level 3.8 Transmutations
 + Level 1.9 Invocations


You had 6 spell levels left.
You knew the following spells:

 Your Spells              Type           Power      Damage    Failure   Level
a - Beastly Appendage     Tmut           28%        N/A       4%          1
b - Wereblood             Tmut           14%        N/A       6%          2

Your spell library contained the following spells:

 Spells                   Type           Power      Damage    Failure   Level
 Spider Form              Tmut/Pois      8%         N/A       26%         3
 Ice Form                 Ice/Tmut       8%         N/A       65%         4


Dungeon Overview and Level Annotations

Branches:
Dungeon (1/1)

Altars:
Ashenzari
Cheibriados
Dithmenos
Elyvilon
Fedhas
Gozag
Hepliaklqana
Kikubaaqudgha
Makhleb
Nemelex Xobeh
Okawaru
Qazlal
Ru
Sif Muna
Trog
Uskayaw
Vehumet
Wu Jian
Xom
Yredelemnul
Zin
The Shining One
Beogh
Jiyva
Lugonu


Innate Abilities, Weirdness & Mutations

One of your tentacles has grown a beastly spike.
You cannot wear most types of armour.
You are amphibious.
You can wear up to eight rings at the same time.
Your skin changes colour to match your surroundings (Stealth+).
Your rubbery body absorbs attacks. (AC +1, EV +1)
((You are camouflaged when in or above water. (Stealth+)))
You have tentacles for arms and can constrict up to eight enemies at once.


Message History

One of your tentacles grows a vicious spike.
You open the door.
An ufetubus and a frilled lizard come into view.
The ufetubus shouts!
You hear a howl!
A warg comes into view.
The ufetubus closely misses you. The ufetubus misses you.
You see here a jackal corpse.
There is an open door here.
The ufetubus hits you. The ufetubus barely misses you.
You see here a jackal corpse.
You see here a jackal corpse.
The ufetubus misses you. The ufetubus barely misses you.
You see here a +3 flail.
You closely miss the ufetubus. You grab the ufetubus.
You pierce the ufetubus.
Your squeeze misses the ufetubus.
The ufetubus is almost dead.
You constrict the ufetubus, but do no damage.
The ufetubus closely misses you. The ufetubus hits you.
You tentacle-slap the ufetubus but do no damage.
You pierce the ufetubus, but do no damage.
You squeeze the ufetubus.
You kill the ufetubus!
Sif Muna accepts your kill.
You have reached level 3!
Your experience leads to an increase in your attributes!
Increase (S)trength, (I)ntelligence, or (D)exterity?
You feel stronger. x2
You barely miss the warg.
You pierce the warg.
Your squeeze misses the warg.
The warg is lightly wounded.
Your transformation is almost over.
The warg closely misses you. The warg bites you.
You tentacle-slap the warg but do no damage.
You pierce the warg.
The warg is lightly wounded.
The warg bites you.
You barely miss the warg. You squeeze the warg.
The warg is moderately wounded.
The warg bites you!!
Ouch! That really hurt!
You die...

#_________.#
#_________.#
#_______...###########++
##########'##...........
#.?(.')))'.##......#..#.
##########.##...........
#...........'...........
#+#####'#####......#..#.
#.@h†.##...........
#####'#####'#####++
#....h##.......#
#.....##.......#
###'####.......# ....
#...<...# .......
#.......#
#.......l##.......#
###########.......#


You could see a warg.

Vanquished Creatures
  A gnoll (D)
  An ufetubus (D)
  An endoplasm (D)
  A hobgoblin (D)
  4 jackals (D)
  A rat (D)
9 creatures vanquished.

Notes
Turn   | Place    | Note
-------+----------+-------------------------------------------
     0 | D        | Zeld the Octopode Transmuter began the quest for the Orb.
     0 | D        | Reached XP level 1. HP: 13/13 MP: 3/3
    22 | D        | Found a bloodstained altar of Trog.
    22 | D        | Found a shimmering blue altar of Sif Muna.
    22 | D        | Found a viscous altar of Jiyva.
    22 | D        | Found a hazy altar of Hepliaklqana.
    22 | D        | Found an opulent altar of Gozag.
    23 | D        | Found a glowing golden altar of the Shining One.
    23 | D        | Found a glowing silver altar of Zin.
    23 | D        | Found a basalt altar of Yredelemnul.
    23 | D        | Found a shimmering altar of Xom.
    23 | D        | Found an ornate altar of the Wu Jian Council.
    23 | D        | Found a sacrificial altar of Ru.
    23 | D        | Found a stormy altar of Qazlal.
    23 | D        | Found an iron altar of Okawaru.
    23 | D        | Found a sparkling altar of Nemelex Xobeh.
    23 | D        | Found a burning altar of Makhleb.
    23 | D        | Found a blossoming altar of Fedhas.
    23 | D        | Found a white marble altar of Elyvilon.
    23 | D        | Found a shadowy altar of Dithmenos.
    23 | D        | Found a snail-covered altar of Cheibriados.
    24 | D        | Found a radiant altar of Vehumet.
    24 | D        | Found a corrupted altar of Lugonu.
    25 | D        | Found an ancient bone altar of Kikubaaqudgha.
    25 | D        | Found a hide-covered altar of Uskayaw.
    25 | D        | Found a broken altar of Ashenzari.
    26 | D        | Became a worshipper of Sif Muna the Loreminder
   450 | D        | Reached skill level 1 in Invocations
   450 | D        | Reached XP level 2. HP: 19/19 MP: 3/6
   454 | D        | Reached * piety under Sif Muna
   462 | D        | Learned a level 2 spell: Wereblood
   552 | D        | Reached ** piety under Sif Muna
   676 | D        | Noticed a warg
   685 | D        | Reached XP level 3. HP: 22/25 MP: 8/8
   687 | D        | Slain by a warg

Illustrated notes

Levels and vault maps discovered:
D:        pitsprint [storerooms_1, entrance_room_1, metal_vault_5, armoury_3,
          mini_pit_1, grid_room_1, main_hall_1, silver_pit, the_coven_1,
          the_vestibule_1, steel_vault_5, golden_pit, hallway_of_sentries,
          crystal_vault_2, iron_vault_2, final_vault]

Skill      XL: |  1 |
---------------+----+-----
Fighting       | 2 |  2.4
Spellcasting   | 3 |  3.5
Transmutations | 3 |  3.8
Invocations    | 1 |  1.9
Dodging        | |  2.0
Unarmed Combat | |  3.0

Action                   || total
-------------------------++-------
Melee: Unarmed           ||    24
       Kick              ||    13
       Tentacles         ||     5
       Constrict         ||     8
 Cast: Beastly Appendage ||     5
       Wereblood         ||     1
  Use: Potion            ||     1
 Stab: Sleeping          ||     1
Dodge: Dodged            ||    29
